AoeStats
← Zephyr.H

Glade

510304827Analyzed
1v1 RM · 20h ago on Sep 30, 2026· 25m 35s· 2 players
Game mode
Random Map
Map size
Tiny (2 player)
Population
200
Speed
Normal
Resources
Standard
Victory
Conquest
Starting age
Dark Age
Ending age
Imperial Age
RankedLock teamsTeams togetherTeam positionsShared explorationLock speedFull tech treeHidden civsTurbo modeCheats
Victory
Defeat
🇨🇳 Teutons · China
673
+13
🇮🇹 Portuguese · Italy
609
-13
Giampy12
0:48 Loom
14:11 Feudal Age
18:32 Castle Age
18:59 Pikeman
Zephyr.H
0:31 Loom
11:44 Feudal Age
19:16 Castle Age
19:13 Stone Mining
22:06 Pikeman
Connection lost

Rejoining the realm…

Still unreachable

The connection could not be restored.

Session expired

The server has moved on; the page needs a fresh start.